 Dungeon Crawl Stone Soup version 0.30.0-29-ga12c61a403 (webtiles) character file.

Game seed: 14017722483684261309

23 Dadbod the Shield-Bearer (level 3, -1/29 HPs)
             Began as a Formicid Fighter on June 11, 2023.
             Slain by Terence
             ... wielding a +3 flail of holy wrath
              (7 damage)
             ... on level 2 of the Dungeon.
             The game lasted 00:01:41 (755 turns).

Dadbod the Shield-Bearer (Formicid Fighter)          Turns: 755, Time: 00:01:41

Health: -1/29      AC:  7    Str: 22    XL:     3   Next: 10%
Magic:  3/3        EV:  9    Int:  7    God:
Gold:   29         SH:  5    Dex: 13    Spells: 2/2 levels left

rFire   . . .        a - +0 war axe
rCold   . . .        c - +0 buckler
rNeg    . . .        b - +0 scale mail
rPois   .            (helmet unavailable)
rElec   .            (no cloak)
rCorr   .            (no gloves)
SInv    +            (no boots)
Will    .....        (no amulet) Stlth
                     (no ring)
HPRegen 0.24/turn    (no ring)
MPRegen 0.08/turn

%: no passive effects
@: mighty
A: permanent stasis, dig shafts and tunnels, antennae 3, four strong arms
a: Dig, Shaft Self


You were on level 2 of the Dungeon.
You visited 1 branch of the dungeon, and saw 2 of its levels.

You collected 29 gold pieces.

Inventory:

Hand Weapons
 a - a +0 war axe (weapon)
 h - a +1 mace of holy wrath
Armour
 b - a +0 scale mail (worn)
 c - a +0 buckler (worn)
Scrolls
 g - a scroll of teleportation {unknown}
 i - a scroll of magic mapping {unknown}
Potions
 e - a potion of mutation {unknown}
 f - a potion of invisibility {unknown}
 j - 2 potions of curing {unknown}


   Skills:
 + Level 3.5 Fighting
 * Level 2.2 Axes
 + Level 4.0 Armour
 + Level 4.2 Shields


You had 2 spell levels left.
You didn't know any spells.
Your spell library was empty.

Dungeon Overview and Level Annotations

Branches:
Dungeon (2/15)

Altars:

Annotations:
D:2 Terence


Innate Abilities, Weirdness & Mutations

You cannot be hasted, slowed, berserked, paralysed or teleported.
You can dig through walls and to a lower floor.
You have a pair of large antennae on your head. (SInv)
Your four strong arms can wield two-handed weapons with a shield.


Message History

You kill the goblin!
You see here a +0 club.
HP restored.
A frilled lizard comes into view.
The frilled lizard hisses angrily.
You barely miss the frilled lizard.
The frilled lizard completely misses you.
The frilled lizard bites you.
You barely miss the frilled lizard. The frilled lizard barely misses you.
You closely miss the frilled lizard.
The frilled lizard bites you but does no damage.
You hit the frilled lizard.
You kill the frilled lizard!
j - an emerald potion
Found a ring mail.
You sense a monster nearby.
j - 2 emerald potions (gained 1)
There are no items here.
Terence the Incautious comes into view.
He is wielding a +3 flail of holy wrath.
Terence shouts!
You barely miss Terence.
Terence hits you with a +3 flail of holy wrath!
You hit Terence.
Terence is lightly wounded.
Terence hits you with a +3 flail of holy wrath!
You block Terence's attack.
You barely miss Terence.
Terence is lightly wounded.
You block Terence's attack.
You hit Terence but do no damage.
Terence is lightly wounded.
You block Terence's attack.
Terence hits you with a +3 flail of holy wrath.
You slash Terence!
Terence is severely wounded.
Terence hits you with a +3 flail of holy wrath.
* * * LOW HITPOINT WARNING * * *
You feel very mighty all of a sudden.
Terence hits you with a +3 flail of holy wrath!
You die...

#.# { #.# ..# ###
... ..### #[#
#... #.# #..# #
#.# #..###...
#.####@......#
#.....@......#
#.#####.######
#.# #.# #.# #.#
#.#####.#########
####
#................
#..#
########........#
##.# #.##.##.##
#.# #.##.#...###.


You could see Terence.

Vanquished Creatures
  A dart slug (D:1)
  2 endoplasms (D:1)
  A giant cockroach (D:1)
  3 goblins
  2 hobgoblins
  A kobold (D:1)
  A ball python (D:1)
  3 bats (D:1)
  3 frilled lizards
  3 rats (D:1)
20 creatures vanquished.

Notes
Turn   | Place    | Note
-------+----------+-------------------------------------------
     0 | D:1      | Dadbod the Formicid Fighter began the quest for the Orb.
     0 | D:1      | Reached XP level 1. HP: 18/18 MP: 1/1
    36 | D:1      | Reached XP level 2. HP: 13/24 MP: 2/2
   624 | D:2      | Reached XP level 3. HP: 29/29 MP: 3/3
   748 | D:2      | Noticed Terence
   755 | D:2      | Slain by Terence

Illustrated notes

Levels and vault maps discovered:
D:1:      dpeg_arrival_houses_and_road, layout_rooms
D:2:      wad_lake_hut, layout_loops_ring, uniq_terence

Skill      XL: |  1  2 |
---------------+-------+-----
Armour         | 4 |  4.0
Fighting       | |  3.5
Axes           | |  2.2
Shields        | |  4.2

Action                     || total
---------------------------++-------
  Melee: War axe           ||    51
    Use: Potion            ||     1
 Armour: Scale mail        ||    19
  Dodge: Dodged            ||    23
  Block: Buckler           ||     8
